 Seeded DCSS version 0.29.1-15-g9cfb28693d (webtiles) character file.

Game seed: 1 (custom seed)

5880 Kazon the Fighter (level 10, -9/106 HPs)
             Began as an Ogre Gladiator on Mar 21, 2023.
             Was a Priest of Okawaru.
             Mangled by a wight
             ... wielding a +3 halberd
              (11 damage)
             ... on level 9 of the Dungeon.
             The game lasted 00:36:23 (6903 turns).

Kazon the Fighter (Ogre Gladiator)                  Turns: 6903, Time: 00:36:24

Health: -9/106     AC: 17    Str: 20    XL:     10   Next: 81%
Magic:  12/12      EV:  9    Int:  8    God:    Okawaru [***...]
Gold:   404        SH:  0    Dex: 12    Spells: 9/9 levels left

rFire   x . .      SeeInvis .   a - +2 dire flail
rCold   + + +      Faith    .   (shield currently unavailable)
rNeg    + + +      Spirit   .   g - +5 ice dragon scales "Deotziff" {Rampage rPois rF- rC++ rN++ Int-3}
rPois   +          Reflect  .   c - +0 hat
rElec   .          Harm     .   (no cloak)
rCorr   .          Rampage  +   (gloves unavailable)
Will    +....                   (boots unavailable)
Stlth   +.........              h - amulet of the acrobat
HPRegen 0.27/turn               j - ring of positive energy
MPRegen 0.13/turn               B - ring of protection from cold

@: no status effects
A: large, unfitting armour, tough skin 1
a: Renounce Religion, Heroism


You were on level 9 of the Dungeon.
You worshipped Okawaru.
Okawaru was most pleased with you.
You visited 2 branches of the dungeon, and saw 10 of its levels.

You collected 630 gold pieces.
You spent 226 gold pieces at shops.

Inventory:

Hand Weapons
 a - a +2 dire flail (weapon)
 e - a +2 dagger of venom
 s - the +3 falchion of Winter {venom, rCorr}
   (You bought it in a shop on level 3 of the Dungeon)

   It poisons the flesh of those it strikes.
   rCorr:     It protects you from acid and corrosion.
Missiles
 d - 3 throwing nets
 n - a large rock
 o - 12 boomerangs (quivered)
 y - 2 curare-tipped darts
 G - 8 poisoned darts
Armour
 c - a +0 hat (worn)
 g - the +5 ice dragon scales "Deotziff" (worn) {Rampage rPois rF- rC++ rN++ Int-3}
   (You acquired it on level 1 of the Dungeon)

   Int:       It affects your intelligence (-3).
   rF:        It makes you vulnerable to fire.
   rC:        It greatly protects you from cold.
   rPois:     It protects you from poison.
   rN:        It greatly protects you from negative energy.
   Rampage:   It bestows one free step when moving towards enemies.
Jewellery
 h - an amulet of the acrobat (around neck)
 j - a ring of positive energy (left hand)
 q - a ring of protection from cold
 B - a ring of protection from cold (right hand)
Wands
 k - a wand of roots (6)
 x - a wand of mindburst (15)
 z - a wand of flame (14)
 D - a wand of paralysis (10)
Scrolls
 i - 6 scrolls of identify
 m - 2 scrolls of immolation {unknown}
 p - a scroll of poison {unknown}
 r - 3 scrolls of teleportation
 u - a scroll of magic mapping
 v - 2 scrolls of noise {unknown}
 w - 3 scrolls of fog {unknown}
 C - 2 scrolls of enchant weapon {unknown}
 H - 3 scrolls of fear
 I - a scroll of summoning {unknown}
Potions
 b - 4 potions of berserk rage {unknown}
 f - 2 potions of haste
 l - 2 potions of flight
 t - 5 potions of lignification
 A - 2 potions of cancellation
 E - a potion of might
 F - 2 potions of curing
Miscellaneous
 J - a condenser vane


   Skills:
 + Level 8.5 Fighting
 + Level 3.8(6.3) Short Blades
 + Level 7.8(8.3) Long Blades
 + Level 3.3 Maces & Flails
 + Level 5.8 Throwing
 + Level 5.6 Armour
 + Level 5.8 Dodging
 + Level 3.5 Stealth
 * Level 3.3 Invocations
 * Level 3.3 Evocations


You had 9 spell levels left.
You didn't know any spells.
Your spell library contained the following spells:

 Spells                   Type           Power      Damage    Failure   Level
 Apportation              Tloc           0%         N/A       80%         1
 Magic Dart               Conj           0%         1d3       80%         1
 Necrotise                Necr           0%         1d4       80%         1
 Sting                    Tmut/Pois      0%         1d3       80%         1
 Poisonous Vapours        Pois/Air       0%         N/A       91%         2
 Mephitic Cloud           Conj/Pois/Air  0%         N/A       99%         3
 Olgreb's Toxic Radiance  Pois           0%         N/A       100%        4
 Fireball                 Conj/Fire      0%         3d3       100%        5
 Iskenderun's Battlesphe  Conj           0%         2d6       100%        5
 Conjure Ball Lightning   Conj/Air       0%         3x3d6     100%        6
 Orb of Destruction       Conj           0%         9d5       100%        7
 Summon Small Mammal      Summ           Unusable   N/A       N/A         1
 Call Imp                 Summ           Unusable   N/A       N/A         2

Dungeon Overview and Level Annotations

Branches:
Dungeon (9/15)             Temple (1/1) D:7
   Lair: D:8-11         Orc: D:9-12

Altars:
Ashenzari
Dithmenos
Elyvilon
Gozag
Hepliaklqana
Makhleb
Nemelex Xobeh
Okawaru
Qazlal
Uskayaw
Xom

Shops:
D:3 (   D:8 ?(==


Innate Abilities, Weirdness & Mutations

You are too large for most types of armour.
You have tough skin. (AC +1)


Message History

The wight closely misses you.
You barely miss the wight.
The wight is severely damaged.
The wight barely misses you. The wight misses you.
You hit the wight.
The wight is almost destroyed.
The wight hits you but does no damage.
The wight hits you from afar with a +3 halberd!
* * * LOW HITPOINT WARNING * * *
You completely miss the wight.
The wight is almost destroyed.
The wight barely misses you.
The wight hits you from afar with a +3 halberd.
* * * LOW HITPOINT WARNING * * *
You barely miss the wight.
The wight is almost destroyed.
The wight closely misses you.
The wight hits you from afar with a +3 halberd!
* * * LOW HITPOINT WARNING * * *
The wight hits you from afar with a +3 halberd.
* * * LOW HITPOINT WARNING * * *
The wight barely misses you.
You puncture the wight!
You destroy the wight!
Okawaru accepts your kill.
The wight hits you from afar with a +3 halberd!
* * * LOW HITPOINT WARNING * * *
The wight misses you.
Things that are here:
a +1 great sword of draining; a +0 robe You barely miss the wight.
The wight barely misses you.
You closely miss the wight. The wight hits you but does no damage.
You hit the wight.
The wight is lightly damaged.
The wight hits you with a +3 halberd!
* * * LOW HITPOINT WARNING * * *
You puncture the wight!
The wight is severely damaged.
The wight hits you with a +3 halberd!
You die...

#.../##..##..## ##...
#... #..##)..## #....
##...# #..###)).###....
#..... #...##....###...
......##...))....##....
#...........)....#....
#......#.##.........#
###....##...........
#z@....##.....#....
#.......###.....#....
#....#####.##........
#...## ##.#...#....
##.# #.....####. ...
##...## ## ##. ###.## #
#. #...# #..##


You could see a wight.

Vanquished Creatures
  Maggie (D:6)
  A shadow (D:9)
  A yak (D:6)
  2 wyverns
  Eustachio (D:5)
  2 steam dragons
  Menkaure (D:5)
  Edmund (D:6)
  4 water moccasins
  4 orc warriors
  An ice beast (D:8)
  5 sky beasts
  2 black bears (D:6)
  4 centaurs
  An ogre (D:6)
  2 phantoms (D:6)
  2 kobold brigands
  3 necrophages
  A bullfrog (D:7)
  A gnoll sergeant (D:7)
  5 scorpions
  9 wights (D:9)
  A howler monkey (D:5)
  2 jellies (D:6)
  A hound (D:4)
  6 orc priests
  A gnoll bouda (D:7)
  6 iguanas
  An orc wizard (D:9)
  Robin (D:3)
  15 gnolls
  13 adders
  3 shadow imps
  A white imp (D:7)
  An ufetubus (D:5)
  3 worms
  29 orcs
  11 endoplasms
  A giant cockroach (D:1)
  16 goblins
  9 hobgoblins
  A jackal (D:4)
  17 kobolds
  2 quokkas
  5 ball pythons
  4 bats
  3 frilled lizards
  6 rats
213 creatures vanquished.

Vanquished Creatures (others)
  A white imp (D:7)
1 creature vanquished.

Grand Total: 214 creatures vanquished

Notes
Turn   | Place    | Note
-------+----------+-------------------------------------------
     0 | D:1      | Kazon the Ogre Gladiator began the quest for the Orb.
     0 | D:1      | Reached XP level 1. HP: 22/22 MP: 1/1
    34 | D:1      | Identified a scroll of acquirement
    34 | D:1      | Acquired the +5 ice dragon scales "Deotziff" {Rampage rPois
                  | rF- rC++ rN++ Int-3}
   125 | D:1      | Reached XP level 2. HP: 29/29 MP: 2/2
   681 | D:2      | Reached XP level 3. HP: 33/36 MP: 3/3
   858 | D:2      | Reached skill level 3 in Fighting
  1065 | D:2      | Reached XP level 4. HP: 43/45 MP: 4/4
  1338 | D:3      | Found Umat's Antique Weapon Boutique.
  1387 | D:3      | Bought a crude falchion for 184 gold pieces
  1387 | D:3      | Identified the +3 falchion of Winter {venom, rCorr} (You
                  | bought it in a shop on level 3 of the Dungeon)
  1583 | D:3      | Noticed Robin
  1590 | D:3      | Killed Robin
  1591 | D:3      | Reached XP level 5. HP: 52/53 MP: 5/5
  1634 | D:3      | Reached skill level 1 in Armour
  1825 | D:3      | Reached skill level 6 in Fighting
  1825 | D:3      | Reached skill level 5 in Long Blades
  1825 | D:3      | Reached skill level 5 in Throwing
  1825 | D:3      | Reached skill level 5 in Dodging
  1825 | D:3      | Reached XP level 6. HP: 68/68 MP: 6/6
  2118 | D:4      | Reached XP level 7. HP: 74/76 MP: 7/7
  2428 | D:4      | Reached skill level 7 in Fighting
  2480 | D:4      | Found a hazy altar of Hepliaklqana.
  2915 | D:5      | Entered Level 5 of the Dungeon
  3017 | D:5      | Noticed Eustachio
  3020 | D:5      | Killed Eustachio
  3033 | D:5      | Reached XP level 8. HP: 78/87 MP: 8/8
  3055 | D:5      | Reached skill level 1 in Evocations
  3485 | D:5      | Noticed Menkaure
  3487 | D:5      | Killed Menkaure
  3780 | D:6      | Reached XP level 9. HP: 76/93 MP: 9/9
  3969 | D:7      | Found a staircase to the Ecumenical Temple.
  3984 | Temple   | Entered the Ecumenical Temple
  3991 | Temple   | Became a worshipper of Warmaster Okawaru
  4188 | D:7      | Found a hide-covered altar of Uskayaw.
  4319 | D:6      | Reached * piety under Okawaru
  4320 | D:6      | Reached skill level 1 in Invocations
  4354 | D:6      | Reached skill level 8 in Fighting
  4369 | D:6      | Noticed Edmund
  4387 | D:6      | Killed Edmund
  4646 | D:6      | Reached skill level 5 in Armour
  4646 | D:6      | Reached XP level 10. HP: 98/104 MP: 11/11
  4686 | D:6      | Noticed Maggie
  4706 | D:6      | Killed Maggie
  4706 | D:6      | Reached ** piety under Okawaru
  4707 | D:6      | Reached skill level 1 in Maces & Flails
  5162 | D:7      | Found a white marble altar of Elyvilon.
  5886 | D:8      | Reached *** piety under Okawaru
  5956 | D:8      | Found Esumer's Weapon Shop.
  6099 | D:8      | Found Heidghoki's Jewellery Shop.
  6142 | D:8      | Found Quzidd's Magic Scroll Emporium.
  6147 | D:8      | Bought a scroll of teleportation for 42 gold pieces
  6301 | D:8      | Found Zoxtaeshakh's Jewellery Boutique.
  6902 | D:9      | HP: 1/106 [wight/+3 halberd (7)]
  6903 | D:9      | Mangled by a wight

Illustrated notes

Levels and vault maps discovered:
D:1:      dpeg_arrival_three_smaller_balls, layout_basic
D:2:      layout_loops_ring
D:3:      layout_basic, serial_shops, nicolae_shop_stone, st_stairs_9,
          minmay_misc_feat_doors, eino_curves_03, uniq_robin
D:4:      minmay_wonky_spiral, layout_basic,
          mainiacjoe_overflow_surrounded_room, minivault_5
D:5:      layout_cave_pods, uniq_menkaure, uniq_eustachio
D:6:      cheibrodos_barr_body, layout_basic, minmay_crystal_room,
          minmay_pentangle, uniq_maggie, uniq_edmund
D:7:      layout_cave_pools, nicolae_uskayaw_murder_on_the_dancefloor,
          elyvilon_altar_4, minmay_temple_entry_purple_smoke
D:8:      layout_basic, serial_shops, shop_statue, kennysheep_little_box, shop,
          nicolae_shop_window_shopping
D:9:      layout_cave_pools, uniq_prince_ribbit1
Temple:   nicolae_temple_bog_church

Skill      XL: |  1  2  3  4  5  6  7  8  9 10 |
---------------+-------------------------------+-----
Dodging        | 3 5 |  5.8
Long Blades    | 3 4 5 6 7 |  7.8
Fighting       | 3 6 7 8 |  8.5
Armour         | 3 4 5 |  5.6
Short Blades   | 3 |  3.8
Throwing       | 5 |  5.8
Stealth        | 3 |  3.5
Evocations     | 1 2 3 |  3.3
Invocations    | 1 3 |  3.3
Maces & Flails | 3 |  3.3

Action                   |  1- 3 |  4- 6 |  7- 9 | 10-12 || total
-------------------------+-------+-------+-------+-------++-------
Melee: Long sword        |   102 |    49 |       |       ||   151
       Falchion          |       |    63 |   309 |    51 ||   423
       Punch             |       |     2 |     6 |       ||     8
       Giant club        |       |       |    50 |   164 ||   214
       Dire flail        |       |       |       |    30 ||    30
Throw: Stone             |     3 |    28 |    31 |    37 ||    99
       Dart              |       |       |     1 |     1 ||     2
       Large rock        |       |       |     1 |     1 ||     2
       Boomerang         |       |       |       |    28 ||    28
       Throwing net      |       |       |       |     1 ||     1
Invok: Heroism           |       |       |     1 |     4 ||     5
Evoke: Wand              |       |       |     5 |       ||     5
  Use: Scroll            |     1 |       |     8 |     1 ||    10
       Potion            |       |     1 |     3 |     2 ||     6
Armor: Robe              |     8 |       |       |       ||     8
       Ice dragon scales |    53 |    65 |   243 |   166 ||   527
Dodge: Dodged            |    63 |    68 |   161 |   166 ||   458
